 Dungeon Sprint DCSS version 0.25.1-8-g42b30a86e7 (webtiles) character file.

Game seed: 1908931721793678403

73 jbtxwes the Protected (level 4, -3/36 HPs)
             Began as a Gnoll Wanderer on Dec 11, 2020.
             Was a Follower of Qazlal.
             Killed from afar by a smoke demon (15 damage)
             ... with a ball of steam
             ... in the Dungeon (Sprint V: "Ziggurat Sprint").
             The game lasted 00:04:03 (361 turns).

jbtxwes the Protected (Gnoll Wanderer)               Turns: 361, Time: 00:04:04

Health: -3/36      AC: 31    Str: 23    XL:     4   Next: 27%
Magic:  7/7        EV: 10    Int: 14    God:    Qazlal [*.....]
Gold:   0          SH: 15    Dex: 19    Spells: 8/8 levels left

rFire    . . .     SeeInvis .   K - +9 sword of Zonguldrok {reap}
rCold    + . .     Gourm    .   L - +3 kite shield
rNeg     . . .     Faith    .   a - +15 Maxwell's patent armour {-Cast -Tele rElec MR+ rCorr}
rPois    .         Spirit   .   (no helmet)
rElec    +         Reflect  .   b - +1 cloak of Starlight {rElec rC+ EV+4 Stlth--}
rCorr    +         Harm     .   (no gloves)
MR       +....     NoTele   +   (no boots) Stlth ..........NoCast +
                                (no amulet)
HPRegen  0.12/turn              E - +6 ring of strength
MPRegen  0.10/turn              A - +6 ring of dexterity

@: no status effects
A: distributed training, fangs 1, strong nose
a: Renounce Religion


You were in the Dungeon.
You worshipped Qazlal.
Qazlal was aware of your devotion.
You were not hungry.

You visited 1 branch

Inventory:

Hand Weapons
 e - a +0 dagger
 J - the +8 lance "Wyrmbane" {slay drac, rPois rF+ rC+ AC+3}
   (You found it in the Dungeon)

   It affects your AC (+3).
   It protects you from fire.
   It protects you from cold.
   It protects you from poison.
 K - the +9 sword of Zonguldrok (weapon) {reap}
   (You found it in the Dungeon)

   If a monster killed with it leaves a corpse in good enough shape, the corpse
   will be animated as a zombie friendly to the killer.
Missiles
 d - 8 poisoned darts (quivered)
Armour
 a - the +15 Maxwell's patent armour (worn) {-Cast -Tele rElec MR+ rCorr}
   (You found it in the Dungeon)

   It insulates you from electricity.
   It affects your resistance to hostile enchantments.
   It prevents spellcasting.
   It prevents most forms of teleportation.
   It provides partial protection from all sources of acid and corrosion.
 b - the +1 cloak of Starlight (worn) {rElec rC+ EV+4 Stlth--}
   (You found it in the Dungeon)

   It affects your evasion (+4).
   It protects you from cold.
   It insulates you from electricity.
   It makes you much less stealthy.
 f - a +0 robe
 L - a +3 kite shield (worn)
 M - a +4 ring mail of poison resistance
Jewellery
 z - an uncursed ring of flight
 A - a +6 ring of dexterity (right hand)
 B - a +6 ring of dexterity
 C - a +6 ring of intelligence
 D - a +6 ring of intelligence
 E - a +6 ring of strength (left hand)
 F - a +6 ring of strength
 N - the ring "Compyl" {+Fly rPois rC+ Int-5}
   (You found it in the Dungeon)

   [ring of flight]

   It affects your intelligence (-5).
   It protects you from cold.
   It protects you from poison.
   It lets you fly.
Wands
 G - a wand of disintegration (7)
 H - a wand of iceblast (7)
 I - a wand of acid (7)
Scrolls
 m - 4 scrolls of blinking
 t - 4 scrolls of amnesia
 u - 7 scrolls of fog
 v - a scroll of holy word
 w - 5 scrolls of identify
 x - 5 scrolls of remove curse
 y - 2 scrolls of fear
Potions
 c - a potion of lignification
 h - 10 potions of curing
 i - 10 potions of heal wounds
 j - 6 potions of haste
 k - 7 potions of magic
 l - 3 potions of berserk rage
 n - 2 potions of brilliance
 o - 2 potions of invisibility
 p - 4 potions of resistance
 q - a potion of experience
 r - 5 potions of stabbing
 s - 5 potions of might
Comestibles
 g - 7 rations


   Skills:
 + Level 3.6 Fighting
 + Level 2.5 Short Blades
 + Level 2.5 Long Blades
 + Level 2.5 Axes
 + Level 2.5 Maces & Flails
 + Level 2.5 Polearms
 + Level 2.5 Staves
 + Level 2.5 Slings
 + Level 2.5 Bows
 + Level 7.0 Crossbows
 + Level 3.6 Throwing
 + Level 8.9 Armour
 + Level 2.5 Dodging
 + Level 2.5 Stealth
 + Level 2.5 Shields
 + Level 2.5 Unarmed Combat
 + Level 2.5 Spellcasting
 + Level 2.0 Conjurations
 + Level 2.0 Hexes
 + Level 2.0 Charms
 + Level 2.0 Summonings
 + Level 2.0 Necromancy
 + Level 2.0 Translocations
 + Level 2.0 Transmutations
 + Level 2.0 Fire Magic
 + Level 2.0 Ice Magic
 + Level 2.0 Air Magic
 + Level 2.0 Earth Magic
 + Level 2.0 Poison Magic
 + Level 2.8 Invocations
 + Level 3.6 Evocations


You had 8 spell levels left.
You didn't know any spells.
Your spell library was empty.

Dungeon Overview and Level Annotations

Branches:
Dungeon (1/1)

Altars:
Ashenzari
Cheibriados
Dithmenos
Elyvilon
Fedhas
Gozag
Hepliaklqana
Kikubaaqudgha
Makhleb
Nemelex Xobeh
Okawaru
Qazlal
Ru
Sif Muna
Trog
Uskayaw
Vehumet
Wu Jian
Xom
Yredelemnul
Zin
The Shining One
Beogh
Jiyva
Lugonu

Annotations:
D 1 transporter


Innate Abilities, Weirdness & Mutations

Your experience applies equally to all skills.
You have very sharp teeth.
Your uncanny sense of smell can sniff out nearby items.


Message History

The vampire mage hits you but does no damage.
The vampire mage bites you but does no damage.
The smoke demon hits you but does no damage.
You block the smoke demon's attack.
The smoke demon hits you but does no damage.
Okay, then.
Your shield and Maxwell's patent armour prevent you from hitting the smoke demon.
The vampire mage hits you.
The vampire mage bites you but does no damage.
You block the smoke demon's attack.
The smoke demon hits you but does no damage.
The smoke demon barely misses you. You block the white imp's attack.
The crimson imp blinks!
You slice the smoke demon!!
The smoke demon is almost dead.
The vampire mage hits you but does no damage.
The vampire mage bites you but does no damage.
The smoke demon gestures at you. The ball of steam hits you!
You die...

▓▓▓▓▓▓▓▓▓▓▓▓▓▓▓▓▓▓▓
▓.8©8.▓.8©8.▓.8©8.▓
∆
▓.}:).▓."...▓.....▓
∆
▓..:..▓.....▓..(..▓
▓...5.▓..)..▓.....▓
▓.§V3.▓...).▓.)...▓
▓..@5.▓.....▓..©..▓
▓..©..▓..©..▓▓▓▓▓▓▓
▓▓▓▓▓▓▓▓▓▓▓▓▓ ∆∆∆
∆∆∆ ∆ ∆ ∆ ∆


You could see a vampire mage, a smoke demon, a crimson imp and a white imp.

Vanquished Creatures
  A crimson imp (D)
  An orc priest (D)
  A white imp (D)
  2 orcs (D)
5 creatures vanquished.

Notes
Turn   | Place    | Note
-------+----------+-------------------------------------------
     0 | D        | jbtxwes the Gnoll Wanderer began the quest for the Orb.
     0 | D        | jbtxwes set off with the following items: a +2 hand
                  | crossbow, 21 bolts, a potion of lignification, 8 poisoned
                  | darts, a +0 dagger, a +0 robe, a ration, a potion of
                  | curing, a potion of heal wounds, a potion of haste, 2
                  | potions of magic, a potion of berserk rage, a scroll of
                  | blinking
     0 | D        | Reached XP level 1. HP: 17/17 MP: 2/2
     0 | D        | Found a shimmering blue altar of Sif Muna.
     0 | D        | Found a bloodstained altar of Trog.
     0 | D        | Found a sacrificial altar of Ru.
     0 | D        | Found a stormy altar of Qazlal.
     0 | D        | Found an iron altar of Okawaru.
     1 | D        | Found a sparkling altar of Nemelex Xobeh.
     1 | D        | Found a blossoming altar of Fedhas.
     2 | D        | Found the +6 Majin-Bo {vamp, Archmagi MP+6 Int+6}
     2 | D        | Found the +7 great mace "Firestarter" {inner flame, rF++}
     3 | D        | Found a transporter.
     3 | D        | Found an ancient bone altar of Kikubaaqudgha.
     3 | D        | Found a viscous altar of Jiyva.
     3 | D        | Found a corrupted altar of Lugonu.
     3 | D        | Found a hazy altar of Hepliaklqana.
     3 | D        | Found a burning altar of Makhleb.
     3 | D        | Found an opulent altar of Gozag.
    24 | D        | Found the +9 heavy crossbow "Sniper" {vorpal, Acc+∞ SInv}
    24 | D        | Found the +10 dark maul {vorpal}
    24 | D        | Found the +15 Maxwell's patent armour {-Cast -Tele rElec
                  | MR+ rCorr}
    24 | D        | Found the +18 shield of the Gong {rElec rN+ MR+ EV-5}
    24 | D        | Found the cursed +14 obsidian axe {vorpal, +Fly SInv
                  | *Curse}
    26 | D        | Found the +6 shillelagh "Devastator" {shatter}
    26 | D        | Found the +11 plutonium sword {*Contam Stlth-}
    26 | D        | Found the +8 lance "Wyrmbane" {slay drac, rPois rF+ rC+
                  | AC+3}
    26 | D        | Found the +9 sword of Zonguldrok {reap}
    26 | D        | Found the cursed +13 scythe of Curses {drain, *Curse}
    26 | D        | Found the +0 sword of Power
    26 | D        | Found the +7 mace of Variability {chain chaos}
    26 | D        | Found the +7 Singing Sword {vorpal, sonic wave}
    26 | D        | Found the +8 storm bow {elec, penet}
    34 | D        | Became a worshipper of Qazlal Stormbringer
    72 | D        | Entered arena 2.
    72 | D        | Noticed a crimson imp
    72 | D        | Found a transporter.
    74 | D        | Reached skill level 1 in Short Blades
    74 | D        | Reached skill level 1 in Long Blades
    74 | D        | Reached skill level 1 in Axes
    74 | D        | Reached skill level 1 in Maces & Flails
    74 | D        | Reached skill level 1 in Polearms
    74 | D        | Reached skill level 1 in Staves
    74 | D        | Reached skill level 1 in Slings
    74 | D        | Reached skill level 1 in Bows
    74 | D        | Reached skill level 1 in Dodging
    74 | D        | Reached skill level 1 in Stealth
    74 | D        | Reached skill level 1 in Shields
    74 | D        | Reached skill level 1 in Unarmed Combat
    74 | D        | Reached skill level 1 in Spellcasting
    74 | D        | Reached skill level 1 in Invocations
    74 | D        | Reached XP level 2. HP: 23/23 MP: 4/4
    75 | D        | Killed a crimson imp
    75 | D        | Reached skill level 1 in Conjurations
    75 | D        | Reached skill level 1 in Hexes
    75 | D        | Reached skill level 1 in Charms
    75 | D        | Reached skill level 1 in Summonings
    75 | D        | Reached skill level 1 in Necromancy
    75 | D        | Reached skill level 1 in Translocations
    75 | D        | Reached skill level 1 in Transmutations
    75 | D        | Reached skill level 1 in Fire Magic
    75 | D        | Reached skill level 1 in Ice Magic
    75 | D        | Reached skill level 1 in Air Magic
    75 | D        | Reached skill level 1 in Earth Magic
    75 | D        | Reached skill level 1 in Poison Magic
    75 | D        | Reached XP level 3. HP: 28/29 MP: 4/6
   161 | D        | Entered arena 3.
   161 | D        | Found a transporter.
   162 | D        | Found the +1 cloak of Starlight {rElec rC+ EV+4 Stlth--}
   162 | D        | Found the cursed necklace of Bloodlust {*Rage +Rage MR++
                  | Int-3 Slay+6 *Curse}
   165 | D        | Reached * piety under Qazlal
   169 | D        | Reached XP level 4. HP: 15/36 MP: 7/7
   344 | D        | Got the ring "Compyl" {+Fly rPois rC+ Int-5}
   355 | D        | Entered arena 4.
   355 | D        | Noticed a smoke demon
   355 | D        | Noticed a vampire mage
   355 | D        | Found a transporter.
   361 | D        | Killed from afar by a smoke demon

Illustrated notes

Levels and vault maps discovered:
D:        sprint_v [room_start, room_1, room_2, room_3, room_4, room_5, room_6,
          room_7, room_8, room_9, room_10, room_11, room_12, room_13, room_14,
          room_15, room_16, room_17, room_18, room_19, room_20, room_21,
          room_22, room_23, room_24, room_25, room_26, room_27]

Skill      XL: |  1  2  3 |
---------------+----------+-----
Short Blades   | 1 2 |  2.5
Long Blades    | 1 2 |  2.5
Axes           | 1 2 |  2.5
Maces & Flails | 1 2 |  2.5
Polearms       | 1 2 |  2.5
Staves         | 1 2 |  2.5
Slings         | 1 2 |  2.5
Bows           | 1 2 |  2.5
Dodging        | 1 2 |  2.5
Stealth        | 1 2 |  2.5
Shields        | 1 2 |  2.5
Unarmed Combat | 1 2 |  2.5
Spellcasting   | 1 2 |  2.5
Invocations    | 1 2 |  2.8
Fighting       | 3 |  3.6
Throwing       | 3 |  3.6
Conjurations   | 1 2 |  2.0
Hexes          | 1 2 |  2.0
Charms         | 1 2 |  2.0
Summonings     | 1 2 |  2.0
Necromancy     | 1 2 |  2.0
Translocations | 1 2 |  2.0
Transmutations | 1 2 |  2.0
Fire Magic     | 1 2 |  2.0
Ice Magic      | 1 2 |  2.0
Air Magic      | 1 2 |  2.0
Earth Magic    | 1 2 |  2.0
Poison Magic   | 1 2 |  2.0
Evocations     | 3 |  3.6
Crossbows      | 7 |  7.0
Armour         | |  8.9

Action                   |  1- 3 |  4- 6 || total
-------------------------+-------+-------++-------
Melee: Double sword      |     8 |     5 ||    13
 Stab: Distracted        |     1 |       ||     1
Armor: Plate armour      |     4 |    11 ||    15
Dodge: Dodged            |     3 |     3 ||     6
Block: Kite shield       |     4 |     6 ||    10
       Rpst.: Double sword |     1 |       ||     1
